[ AOE2 MATCH · #477790645 ]
Team RMJapanese vs Franks
[ REPLAY ANALYSIS · EXTRACTED FROM THE RECORDED GAME ]
Feudal
13:42
Castle
17:46
Imperial
31:35
| APM avg | 24.4 |
| APM peak | 70 |
| eAPM avg | 13.8 |
| Villagers / military | 112 / 440 |
Focus
⚔️ 54.0% · 🌾 46.0%
Samurai ×440 · Trade Cart ×21
Feudal
13:22
Castle
21:18
Imperial
38:35
| APM avg | 12.4 |
| APM peak | 42 |
| eAPM avg | 9.3 |
| Villagers / military | 117 / 209 |
Focus
⚔️ 37.5% · 🌾 62.5%
Knight ×72 · Archer ×48 · Longbowman ×32 · Trade Cart ×26 · Spearman ×21 · Trebuchet (Packed) ×13
Feudal
12:35
Castle
22:25
Imperial
42:10
| APM avg | 15.2 |
| APM peak | 53 |
| eAPM avg | 10.1 |
| Villagers / military | 120 / 304 |
Focus
⚔️ 30.5% · 🌾 69.5%
Spearman ×140 · Militia ×86 · Scorpion ×62 · Trade Cart ×35 · Trebuchet (Packed) ×8 · Centurion ×7
Feudal
12:52
Castle
24:00
Imperial
42:19
| APM avg | 18.3 |
| APM peak | 61 |
| eAPM avg | 11.4 |
| Villagers / military | 179 / 650 |
Focus
⚔️ 39.7% · 🌾 60.3%
Longbowman ×247 · Knight ×187 · Skirmisher ×124 · Trade Cart ×41 · Archer ×39 · Spearman ×30
Feudal
11:40
Castle
23:51
Imperial
41:03
| APM avg | 13.6 |
| APM peak | 47 |
| eAPM avg | 7.7 |
| Villagers / military | 91 / 402 |
Focus
⚔️ 43.3% · 🌾 56.7%
Knight ×278 · Throwing Axeman ×67 · Scout Cavalry ×50 · Trade Cart ×10 · Monk ×4 · Trebuchet (Packed) ×3
Feudal
13:30
Castle
21:25
Imperial
34:09
| APM avg | 13.0 |
| APM peak | 52 |
| eAPM avg | 8.6 |
| Villagers / military | 160 / 146 |
Focus
⚔️ 34.9% · 🌾 65.1%
Knight ×66 · Trade Cart ×54 · Throwing Axeman ×44 · Scout Cavalry ×18 · Spearman ×10 · Trebuchet (Packed) ×8
Match map
Initial resources + every placement click. Lines = walls · curves = elevation contours. ◆ gold · ⬟ stone · ● berries · ✦ relic · ◌ wall gap
Your base· Open — 6t gap
156__JP.Cont's base· Open — 11t gap
Sebas's base· Open — unwalled flank
rico_b_'s base· Open — unwalled flank
Juicee's base· ✓ Closed at 23:51 · 54t walls · 2 gate(s)
bart_arend's base· Open — unwalled flank
Smoothed initial terrain · ◌ = detected wall gap · hover for details
Inputs per minute
— Legacy - - 156__JP.Cont
Build order — Legacy
First 150 of 779 actions detected
| 0:04 | Build | House |
| 0:05 | Build | House |
| 0:08 | Create | Villager (Male) |
| 0:09 | Create | Villager (Male) |
| 0:09 | Create | Villager (Male) |
| 0:09 | Create | Villager (Male) |
| 1:58 | Create | Villager (Male) |
| 2:05 | Build | Lumber Camp |
| 2:07 | Create | Villager (Male) |
| 2:07 | Create | Villager (Male) |
| 2:37 | Create | Villager (Male) |
| 2:37 | Create | Villager (Male) |
| 3:07 | Create | Villager (Male) |
| 3:45 | Build | House |
| 3:47 | Build | House |
| 3:50 | Build | Mill |
| 3:57 | Build | House |
| 4:01 | Create | Villager (Male) |
| 4:02 | Create | Villager (Male) |
| 4:02 | Create | Villager (Male) |
| 4:11 | Create | Villager (Male) |
| 4:12 | Create | Villager (Male) |
| 4:51 | Build | House |
| 4:53 | Build | House |
| 4:58 | Create | Villager (Male) |
| 4:59 | Create | Villager (Male) |
| 5:17 | Create | Villager (Male) |
| 5:17 | Create | Villager (Male) |
| 5:18 | Create | Villager (Male) |
| 5:45 | Create | Villager (Male) |
| 5:46 | Create | Villager (Male) |
| 5:57 | Build | House |
| 5:59 | Build | House |
| 6:01 | Build | House |
| 6:04 | Build | House |
| 6:16 | Create | Villager (Male) |
| 6:17 | Create | Villager (Male) |
| 6:17 | Create | Villager (Male) |
| 6:29 | Create | Villager (Male) |
| 6:29 | Create | Villager (Male) |
| 6:52 | Create | Villager (Male) |
| 6:53 | Create | Villager (Male) |
| 6:53 | Create | Villager (Male) |
| 7:33 | Create | Villager (Male) |
| 7:33 | Create | Villager (Male) |
| 7:34 | Create | Villager (Male) |
| 7:44 | Build | Farm |
| 7:51 | Create | Villager (Male) |
| 7:58 | Build | Farm |
| 8:07 | Create | Villager (Male) |
| 8:07 | Create | Villager (Male) |
| 8:22 | Build | Farm |
| 8:45 | Build | Mining Camp |
| 9:15 | Build | Farm |
| 9:18 | Build | Farm |
| 9:43 | Build | Farm |
| 9:54 | Build | Mining Camp |
| 10:04 | Build | Farm |
| 10:18 | Build | Farm |
| 10:32 | Research | Loom |
| 10:55 | Research | Feudal Age |
| 11:00 | Build | Farm |
| 11:14 | Build | House |
| 11:23 | Build | Farm |
| 11:59 | Create | Villager (Male) |
| 12:00 | Create | Villager (Male) |
| 12:00 | Create | Villager (Male) |
| 12:46 | Build | Farm |
| 13:42 | Age | Feudal Age |
| 13:47 | Build | Market |
| 13:57 | Build | Blacksmith |
| 14:19 | Build | Farm |
| 14:36 | Build | Farm |
| 15:00 | Build | Farm |
| 15:06 | Research | Castle Age |
| 15:12 | Build | Watch Tower |
| 15:27 | Build | House |
| 15:29 | Build | House |
| 15:34 | Build | House |
| 16:05 | Build | Watch Tower |
| 16:22 | Build | Watch Tower |
| 16:32 | Build | House |
| 16:35 | Build | House |
| 16:40 | Research | Fletching |
| 17:14 | Research | Horse Collar |
| 17:26 | Create | Villager (Male) |
| 17:26 | Create | Villager (Male) |
| 17:26 | Create | Villager (Male) |
| 17:27 | Create | Villager (Male) |
| 17:35 | Build | Farm |
| 17:46 | Age | Castle Age |
| 17:59 | Research | Double-Bit Axe |
| 18:15 | Build | Farm |
| 18:33 | Build | Farm |
| 18:43 | Build | House |
| 18:46 | Build | House |
| 18:48 | Build | House |
| 19:06 | Research | Heavy Plow |
| 19:22 | Build | Farm |
| 19:25 | Create | Villager (Male) |
| 19:26 | Create | Villager (Male) |
| 19:47 | Build | Farm |
| 20:11 | Build | Castle |
| 20:31 | Create | Villager (Male) |
| 20:32 | Create | Villager (Male) |
| 20:32 | Create | Villager (Male) |
| 20:41 | Build | Farm |
| 21:08 | Build | Farm |
| 21:37 | Create | Villager (Male) |
| 21:51 | Research | Bodkin Arrow |
| 22:08 | Research | Yasama |
| 22:17 | Create | Villager (Male) |
| 22:17 | Create | Villager (Male) |
| 22:18 | Create | Villager (Male) |
| 22:37 | Build | University |
| 23:05 | Create | Samurai |
| 23:05 | Create | Samurai |
| 23:06 | Create | Samurai |
| 23:06 | Create | Samurai |
| 23:06 | Create | Samurai |
| 23:38 | Build | Watch Tower |
| 23:45 | Build | Farm |
| 23:47 | Build | Farm |
| 23:52 | Research | Gold Mining |
| 23:55 | Create | Villager (Male) |
| 23:56 | Create | Villager (Male) |
| 23:56 | Create | Villager (Male) |
| 24:06 | Research | Wheelbarrow |
| 24:35 | Build | Farm |
| 24:50 | Research | Town Watch |
| 25:13 | Build | Watch Tower |
| 25:21 | Create | Samurai |
| 25:28 | Build | Farm |
| 26:04 | Research | Guard Tower (upgrade) |
| 26:51 | Build | Farm |
| 26:52 | Create | Villager (Male) |
| 26:53 | Create | Villager (Male) |
| 27:15 | Build | Watch Tower |
| 27:30 | Build | Mill |
| 27:33 | Create | Villager (Male) |
| 27:34 | Create | Villager (Male) |
| 27:39 | Research | Gold Shaft Mining |
| 27:44 | Build | Lumber Camp |
| 27:48 | Research | Bow Saw |
| 27:55 | Build | Farm |
| 28:25 | Research | Imperial Age |
| 28:25 | Research | Imperial Age |
| 28:30 | Build | Farm |
| 28:39 | Create | Samurai |
| 28:39 | Create | Samurai |
Build order — 156__JP.Cont
First 150 of 423 actions detected
| 0:04 | Create | Villager (Male) |
| 0:06 | Research | Loom |
| 0:12 | Build | House |
| 0:30 | Build | House |
| 0:54 | Create | Villager (Male) |
| 0:54 | Create | Villager (Male) |
| 1:53 | Create | Villager (Male) |
| 1:53 | Create | Villager (Male) |
| 1:53 | Create | Villager (Male) |
| 1:54 | Create | Villager (Male) |
| 2:53 | Create | Villager (Male) |
| 3:17 | Create | Villager (Male) |
| 3:17 | Create | Villager (Male) |
| 3:24 | Create | Villager (Male) |
| 3:47 | Build | House |
| 3:51 | Create | Villager (Male) |
| 4:13 | Build | Barracks |
| 5:12 | Build | Mill |
| 5:23 | Create | Villager (Male) |
| 5:26 | Create | Villager (Male) ×3 |
| 6:01 | Create | Villager (Male) |
| 6:20 | Build | Lumber Camp |
| 7:25 | Create | Villager (Male) |
| 7:26 | Create | Villager (Male) |
| 7:29 | Create | Villager (Male) |
| 7:43 | Create | Villager (Male) |
| 8:25 | Build | House |
| 8:51 | Build | House |
| 9:00 | Create | Villager (Male) |
| 9:06 | Create | Militia |
| 9:08 | Create | Militia |
| 9:31 | Create | Villager (Male) |
| 9:49 | Build | Mining Camp |
| 9:57 | Create | Villager (Male) |
| 10:20 | Create | Villager (Male) |
| 10:32 | Create | Villager (Male) |
| 10:34 | Research | Feudal Age |
| 10:52 | Research | Feudal Age |
| 11:46 | Build | Mining Camp |
| 12:06 | Create | Militia |
| 12:57 | Create | Villager (Male) |
| 13:09 | Build | Farm |
| 13:10 | Build | Farm |
| 13:19 | Build | Farm |
| 13:22 | Age | Feudal Age |
| 13:38 | Build | Blacksmith |
| 13:43 | Research | Man-at-Arms (upgrade) |
| 13:47 | Create | Villager (Male) |
| 13:52 | Build | Farm |
| 14:01 | Build | Farm |
| 14:02 | Build | Farm |
| 14:05 | Build | Farm |
| 14:10 | Build | Farm |
| 14:14 | Build | Farm |
| 14:22 | Build | Farm |
| 14:26 | Build | Farm |
| 14:30 | Create | Villager (Male) |
| 14:36 | Build | House |
| 14:58 | Research | Double-Bit Axe |
| 15:00 | Create | Villager (Male) |
| 15:24 | Build | Farm |
| 15:33 | Create | Villager (Male) |
| 15:39 | Build | Farm |
| 15:51 | Build | House |
| 15:55 | Build | House |
| 16:03 | Build | House |
| 16:08 | Create | Villager (Male) |
| 16:33 | Create | Villager (Male) |
| 16:37 | Build | Farm |
| 16:43 | Build | House |
| 16:46 | Create | Militia |
| 16:55 | Create | Villager (Male) |
| 17:10 | Build | Archery Range |
| 17:22 | Create | Villager (Male) |
| 17:28 | Build | Farm |
| 17:45 | Create | Villager (Male) |
| 17:53 | Build | Farm |
| 18:18 | Build | Market |
| 18:38 | Research | Castle Age |
| 18:42 | Create | Archer |
| 18:42 | Create | Archer |
| 18:46 | Create | Militia |
| 19:38 | Build | House |
| 19:39 | Build | House |
| 19:45 | Build | House |
| 20:32 | Create | Villager (Male) |
| 20:36 | Build | House |
| 21:13 | Create | Villager (Male) |
| 21:18 | Age | Castle Age |
| 21:22 | Research | Crossbowman (upgrade) |
| 21:26 | Build | House |
| 21:29 | Research | Gold Mining |
| 21:29 | Research | Stone Mining |
| 21:34 | Research | Bow Saw |
| 21:36 | Create | Villager (Male) |
| 21:44 | Build | Town Center |
| 21:55 | Build | House |
| 22:00 | Create | Villager (Male) |
| 22:06 | Research | Long Swordsman (upgrade) |
| 22:07 | Research | Gambesons |
| 22:26 | Create | Villager (Male) |
| 22:43 | Build | Monastery |
| 22:48 | Create | Villager (Male) |
| 23:03 | Build | Town Center |
| 23:06 | Create | Villager (Male) |
| 23:10 | Create | Villager (Male) |
| 23:11 | Create | Villager (Male) |
| 23:29 | Create | Archer |
| 23:29 | Create | Archer |
| 23:43 | Build | University |
| 23:54 | Create | Villager (Male) |
| 23:55 | Create | Villager (Male) |
| 23:59 | Create | Villager (Male) |
| 24:19 | Create | Trade Cart |
| 24:41 | Create | Villager (Male) |
| 24:42 | Create | Villager (Male) |
| 24:53 | Build | Farm |
| 24:57 | Build | House |
| 24:58 | Build | House |
| 25:11 | Create | Villager (Male) |
| 25:11 | Create | Villager (Male) |
| 25:13 | Create | Villager (Male) |
| 25:20 | Create | Trade Cart |
| 25:32 | Create | Villager (Male) |
| 25:32 | Create | Villager (Male) |
| 25:49 | Build | Farm |
| 26:25 | Create | Villager (Male) |
| 26:26 | Create | Villager (Male) |
| 26:28 | Create | Villager (Male) |
| 26:28 | Create | Villager (Male) |
| 26:29 | Create | Villager (Male) |
| 26:30 | Create | Villager (Male) |
| 26:42 | Build | Castle |
| 26:56 | Create | Trade Cart |
| 26:56 | Create | Trade Cart |
| 27:01 | Create | Villager (Male) |
| 27:01 | Create | Villager (Male) |
| 27:01 | Create | Villager (Male) |
| 27:20 | Create | Villager (Male) |
| 27:27 | Build | Farm |
| 27:37 | Build | Farm |
| 27:38 | Build | Farm |
| 27:49 | Build | Farm |
| 27:51 | Create | Trade Cart |
| 27:51 | Create | Trade Cart |
| 27:52 | Create | Villager (Male) |
| 27:53 | Create | Villager (Male) |
| 27:53 | Create | Villager (Male) |
| 28:15 | Create | Trade Cart |
| 28:16 | Create | Trade Cart |
Build order — Sebas
First 150 of 393 actions detected
| 0:04 | Create | Villager (Male) |
| 0:04 | Create | Villager (Male) |
| 0:04 | Create | Villager (Male) |
| 0:04 | Create | Villager (Male) |
| 0:04 | Create | Villager (Male) |
| 0:07 | Build | House |
| 0:08 | Build | House |
| 1:24 | Build | Lumber Camp |
| 1:54 | Create | Villager (Male) |
| 1:54 | Create | Villager (Male) |
| 2:20 | Create | Villager (Male) |
| 2:20 | Create | Villager (Male) |
| 2:20 | Create | Villager (Male) |
| 2:44 | Create | Villager (Male) |
| 2:44 | Create | Villager (Male) |
| 2:45 | Create | Villager (Male) |
| 3:28 | Create | Villager (Male) |
| 3:29 | Create | Villager (Male) |
| 3:39 | Create | Villager (Male) |
| 3:39 | Create | Villager (Male) |
| 3:55 | Build | House |
| 4:01 | Build | House |
| 4:03 | Build | House |
| 4:05 | Build | House |
| 4:14 | Create | Villager (Male) |
| 4:15 | Create | Villager (Male) |
| 4:15 | Create | Villager (Male) |
| 4:55 | Create | Villager (Male) |
| 4:56 | Create | Villager (Male) |
| 4:56 | Create | Villager (Male) |
| 5:17 | Create | Villager (Male) |
| 5:17 | Create | Villager (Male) |
| 6:03 | Create | Villager (Male) |
| 6:03 | Create | Villager (Male) |
| 7:13 | Create | Villager (Male) |
| 7:13 | Create | Villager (Male) |
| 7:13 | Create | Villager (Male) |
| 7:13 | Create | Villager (Male) |
| 7:14 | Create | Villager (Male) |
| 7:14 | Create | Villager (Male) |
| 7:18 | Create | Villager (Male) |
| 7:44 | Create | Villager (Male) |
| 7:44 | Create | Villager (Male) |
| 8:00 | Build | Mill |
| 8:58 | Build | Farm |
| 9:04 | Build | Farm |
| 9:13 | Build | Farm |
| 9:37 | Build | Farm |
| 9:44 | Build | Farm |
| 9:50 | Build | Farm |
| 10:10 | Build | House |
| 10:25 | Research | Feudal Age |
| 10:36 | Build | Farm |
| 11:06 | Build | Mining Camp |
| 12:11 | Create | Villager (Male) |
| 12:11 | Create | Villager (Male) |
| 12:11 | Create | Villager (Male) |
| 12:12 | Create | Villager (Male) |
| 12:12 | Create | Villager (Male) |
| 12:12 | Create | Villager (Male) |
| 12:13 | Create | Villager (Male) |
| 12:13 | Create | Villager (Male) |
| 12:13 | Create | Villager (Male) |
| 12:13 | Create | Villager (Male) |
| 12:13 | Create | Villager (Male) |
| 12:19 | Build | House |
| 12:22 | Build | House |
| 12:35 | Age | Feudal Age |
| 12:39 | Build | Blacksmith |
| 12:53 | Build | Market |
| 13:29 | Research | Double-Bit Axe |
| 13:55 | Research | Horse Collar |
| 14:03 | Research | Forging |
| 14:05 | Research | Scale Mail Armor |
| 14:06 | Research | Fletching |
| 14:23 | Research | Gold Mining |
| 14:44 | Build | Mining Camp |
| 14:55 | Research | Scale Barding Armor |
| 15:05 | Build | Farm |
| 15:13 | Build | Farm |
| 15:36 | Build | Lumber Camp |
| 15:54 | Research | Padded Archer Armor |
| 15:58 | Research | Stone Mining |
| 16:17 | Build | Farm |
| 16:24 | Build | Farm |
| 16:57 | Build | Farm |
| 17:06 | Build | Farm |
| 17:08 | Create | Villager (Male) |
| 17:08 | Create | Villager (Male) |
| 17:08 | Create | Villager (Male) |
| 17:10 | Create | Villager (Male) |
| 17:22 | Build | Mill |
| 17:32 | Build | Farm |
| 17:40 | Build | Farm |
| 17:49 | Build | Farm |
| 18:00 | Build | Farm |
| 18:41 | Build | Farm |
| 19:02 | Build | Barracks |
| 19:45 | Research | Castle Age |
| 19:59 | Build | Barracks |
| 20:41 | Create | Villager (Male) |
| 20:41 | Create | Villager (Male) |
| 20:42 | Create | Villager (Male) |
| 20:42 | Create | Villager (Male) |
| 20:42 | Create | Villager (Male) |
| 20:42 | Create | Villager (Male) |
| 20:42 | Create | Villager (Male) |
| 20:43 | Create | Villager (Male) |
| 21:23 | Research | Man-at-Arms (upgrade) |
| 21:27 | Create | Militia |
| 21:27 | Create | Militia |
| 21:27 | Create | Militia |
| 21:28 | Create | Militia |
| 21:42 | Build | Farm |
| 21:46 | Create | Militia |
| 21:46 | Create | Militia |
| 21:47 | Create | Militia |
| 21:47 | Create | Militia |
| 22:00 | Build | Barracks |
| 22:25 | Create | Villager (Male) |
| 22:25 | Age | Castle Age |
| 22:25 | Create | Villager (Male) |
| 22:26 | Create | Villager (Male) |
| 22:26 | Create | Villager (Male) |
| 22:39 | Build | Castle |
| 22:49 | Research | Squires |
| 22:59 | Research | Loom |
| 23:00 | Research | Town Watch |
| 23:16 | Build | House |
| 23:18 | Build | House |
| 23:19 | Build | House |
| 23:22 | Build | House |
| 23:25 | Build | House |
| 23:37 | Build | Monastery |
| 23:49 | Research | Iron Casting |
| 23:52 | Research | Leather Archer Armor |
| 24:10 | Build | Town Center |
| 24:21 | Build | Town Center |
| 24:36 | Create | Centurion |
| 24:42 | Research | Long Swordsman (upgrade) |
| 24:48 | Create | Monk |
| 25:16 | Research | Bow Saw |
| 25:20 | Research | Heavy Plow |
| 25:31 | Research | Gold Shaft Mining |
| 25:38 | Create | Militia |
| 25:38 | Create | Militia |
| 25:55 | Create | Villager (Male) |
| 25:56 | Create | Villager (Male) |
| 25:56 | Create | Villager (Male) |
| 26:12 | Build | Lumber Camp |
Build order — rico_b_
First 150 of 491 actions detected
| 0:04 | Create | Villager (Male) |
| 0:04 | Create | Villager (Male) |
| 0:04 | Create | Villager (Male) |
| 0:04 | Create | Villager (Male) |
| 0:05 | Build | House |
| 0:33 | Build | House |
| 1:27 | Build | Mill |
| 1:32 | Create | Villager (Male) |
| 1:32 | Create | Villager (Male) |
| 1:47 | Create | Villager (Male) |
| 2:12 | Create | Villager (Male) |
| 2:39 | Create | Villager (Male) |
| 2:39 | Create | Villager (Male) |
| 3:10 | Create | Villager (Male) |
| 3:12 | Create | Villager (Male) |
| 4:12 | Create | Villager (Male) |
| 4:12 | Create | Villager (Male) |
| 4:26 | Build | House |
| 4:58 | Build | Lumber Camp |
| 5:33 | Create | Villager (Male) |
| 5:50 | Build | House |
| 5:59 | Build | House |
| 6:07 | Create | Villager (Male) |
| 6:08 | Create | Villager (Male) |
| 6:08 | Create | Villager (Male) |
| 6:08 | Create | Villager (Male) |
| 6:09 | Create | Villager (Male) |
| 6:09 | Create | Villager (Male) |
| 6:09 | Create | Villager (Male) |
| 7:07 | Create | Villager (Male) |
| 7:07 | Create | Villager (Male) |
| 8:06 | Build | Barracks |
| 8:14 | Create | Villager (Male) |
| 8:14 | Create | Villager (Male) |
| 8:14 | Create | Villager (Male) |
| 8:15 | Create | Villager (Male) |
| 9:29 | Build | Mining Camp |
| 10:23 | Research | Feudal Age |
| 11:00 | Build | Farm |
| 11:00 | Build | Farm |
| 11:01 | Build | Farm |
| 11:29 | Build | Farm |
| 11:30 | Build | Farm |
| 11:37 | Build | Farm |
| 11:49 | Create | Villager (Male) |
| 11:49 | Create | Villager (Male) |
| 12:17 | Build | Lumber Camp |
| 12:52 | Age | Feudal Age |
| 12:55 | Research | Double-Bit Axe |
| 12:59 | Research | Wheelbarrow |
| 13:26 | Build | Blacksmith |
| 13:43 | Build | Market |
| 13:58 | Research | Horse Collar |
| 14:09 | Build | Archery Range |
| 14:27 | Research | Fletching |
| 14:30 | Create | Villager (Male) |
| 14:31 | Create | Villager (Male) |
| 14:35 | Research | Wheelbarrow |
| 14:40 | Build | House |
| 14:44 | Build | House |
| 14:57 | Build | Mining Camp |
| 15:06 | Build | House |
| 15:10 | Build | House |
| 15:16 | Create | Archer |
| 15:16 | Create | Archer |
| 15:16 | Create | Archer |
| 15:21 | Research | Padded Archer Armor |
| 16:14 | Create | Villager (Male) |
| 16:15 | Research | Town Watch |
| 16:37 | Build | Farm |
| 16:38 | Build | Farm |
| 16:39 | Build | Farm |
| 16:40 | Build | Farm |
| 16:53 | Research | Gold Mining |
| 17:22 | Build | Farm |
| 17:22 | Build | Farm |
| 17:23 | Build | Farm |
| 17:23 | Build | Farm |
| 17:27 | Build | Farm |
| 17:36 | Research | Stone Mining |
| 17:55 | Create | Villager (Male) |
| 17:55 | Create | Villager (Male) |
| 18:47 | Create | Villager (Male) |
| 18:47 | Create | Villager (Male) |
| 18:58 | Build | Mill |
| 19:01 | Build | Farm |
| 19:01 | Build | Farm |
| 19:15 | Build | Archery Range |
| 19:30 | Build | Mining Camp |
| 19:47 | Create | Villager (Male) |
| 21:08 | Build | Stable |
| 21:20 | Research | Castle Age |
| 21:20 | Research | Castle Age |
| 21:30 | Create | Archer ×5 |
| 23:03 | Create | Villager (Male) |
| 23:04 | Create | Villager (Male) |
| 23:04 | Create | Villager (Male) |
| 23:04 | Create | Villager (Male) |
| 24:00 | Age | Castle Age |
| 24:03 | Build | Castle |
| 24:15 | Build | Town Center |
| 24:23 | Build | Town Center |
| 24:30 | Build | Monastery |
| 24:38 | Create | Villager (Male) |
| 24:38 | Create | Villager (Male) |
| 24:38 | Create | Villager (Male) |
| 24:39 | Create | Villager (Male) |
| 24:43 | Research | Gold Shaft Mining |
| 24:53 | Research | Bow Saw |
| 25:13 | Create | Villager (Male) |
| 25:24 | Create | Monk |
| 25:24 | Create | Monk |
| 25:29 | Build | Farm |
| 25:50 | Create | Villager (Male) |
| 26:20 | Research | Hand Cart |
| 26:39 | Research | Crossbowman (upgrade) |
| 26:40 | Research | Crossbowman (upgrade) |
| 26:48 | Create | Villager (Male) |
| 26:49 | Create | Villager (Male) |
| 26:49 | Create | Villager (Male) |
| 26:49 | Create | Villager (Male) |
| 26:50 | Create | Villager (Male) |
| 26:50 | Create | Villager (Male) |
| 26:50 | Create | Villager (Male) |
| 26:59 | Create | Villager (Male) |
| 26:59 | Create | Villager (Male) |
| 26:59 | Create | Villager (Male) |
| 27:00 | Create | Villager (Male) |
| 27:00 | Create | Villager (Male) |
| 27:00 | Create | Villager (Male) |
| 27:09 | Create | Villager (Male) |
| 27:09 | Create | Villager (Male) |
| 27:10 | Create | Villager (Male) |
| 27:10 | Create | Villager (Male) |
| 27:19 | Create | Villager (Male) |
| 27:19 | Create | Villager (Male) |
| 27:20 | Create | Villager (Male) |
| 27:20 | Create | Villager (Male) |
| 27:37 | Create | Archer ×5 |
| 27:38 | Create | Archer ×5 |
| 27:58 | Research | Bodkin Arrow |
| 27:59 | Research | Bodkin Arrow |
| 28:53 | Research | Heavy Plow |
| 28:59 | Create | Villager (Male) |
| 28:59 | Create | Villager (Male) |
| 28:59 | Create | Villager (Male) |
| 29:00 | Create | Villager (Male) |
| 29:00 | Create | Villager (Male) |
| 29:00 | Create | Villager (Male) |
| 29:00 | Create | Villager (Male) |
Build order — Juicee
First 150 of 375 actions detected
| 0:04 | Build | House |
| 0:05 | Build | House |
| 0:07 | Build | House |
| 0:09 | Build | House |
| 0:11 | Create | Villager (Male) |
| 0:11 | Create | Villager (Male) |
| 0:12 | Create | Villager (Male) |
| 0:12 | Create | Villager (Male) |
| 0:12 | Create | Villager (Male) |
| 2:23 | Create | Villager (Male) |
| 2:23 | Create | Villager (Male) |
| 2:48 | Create | Villager (Male) |
| 2:48 | Create | Villager (Male) |
| 3:25 | Create | Villager (Male) |
| 3:25 | Create | Villager (Male) |
| 3:57 | Create | Villager (Male) |
| 3:57 | Create | Villager (Male) |
| 3:57 | Create | Villager (Male) |
| 4:54 | Create | Villager (Male) |
| 4:55 | Create | Villager (Male) |
| 4:55 | Create | Villager (Male) |
| 5:17 | Build | House |
| 5:19 | Build | House |
| 5:23 | Build | House |
| 5:28 | Build | House |
| 5:37 | Build | House |
| 5:43 | Build | House |
| 7:01 | Create | Villager (Male) |
| 7:02 | Create | Villager (Male) |
| 7:36 | Build | Lumber Camp |
| 8:15 | Create | Villager (Male) |
| 8:30 | Build | Mill |
| 9:07 | Build | House |
| 9:09 | Build | House |
| 9:30 | Research | Feudal Age |
| 10:26 | Build | Barracks |
| 10:35 | Build | Lumber Camp |
| 11:40 | Age | Feudal Age |
| 11:45 | Create | Villager (Male) ×5 |
| 12:08 | Build | Palisade Wall |
| 12:14 | Build | Palisade Gate |
| 12:58 | Build | Palisade Wall |
| 13:09 | Build | Palisade Wall |
| 13:16 | Build | Farm |
| 13:17 | Build | Farm |
| 13:26 | Research | Double-Bit Axe |
| 14:21 | Build | Blacksmith |
| 14:35 | Create | Villager (Male) ×5 |
| 14:36 | Research | Town Watch |
| 15:07 | Build | Mining Camp |
| 15:21 | Research | Wheelbarrow |
| 15:30 | Build | Farm |
| 16:39 | Build | Market |
| 17:32 | Build | Palisade Wall |
| 17:35 | Build | Palisade Wall |
| 17:56 | Build | Mining Camp |
| 18:01 | Create | Villager (Male) ×5 |
| 18:09 | Build | Farm |
| 18:10 | Build | Farm |
| 18:10 | Build | Farm |
| 18:11 | Build | Farm |
| 18:36 | Build | Farm |
| 18:37 | Build | Farm |
| 18:38 | Build | Farm |
| 18:55 | Build | Farm |
| 19:23 | Build | Farm |
| 19:34 | Research | Gold Mining |
| 19:38 | Research | Stone Mining |
| 19:43 | Build | Farm |
| 20:24 | Build | Stone Wall |
| 20:25 | Build | Stone Wall |
| 20:45 | Build | Palisade Gate |
| 20:54 | Build | Stable |
| 21:11 | Research | Castle Age |
| 21:13 | Research | Loom |
| 22:08 | Build | Stable |
| 22:54 | Research | Forging |
| 22:55 | Research | Scale Barding Armor |
| 22:58 | Research | Fletching |
| 23:06 | Create | Villager (Male) ×3 |
| 23:51 | Age | Castle Age |
| 23:57 | Create | Villager (Male) |
| 23:58 | Create | Villager (Male) |
| 24:06 | Create | Knight ×2 |
| 24:29 | Research | Bow Saw |
| 25:07 | Research | Husbandry |
| 25:09 | Create | Knight |
| 25:30 | Build | Monastery |
| 26:20 | Build | Farm |
| 26:24 | Build | Farm |
| 26:37 | Build | Town Center |
| 26:56 | Build | Palisade Wall |
| 27:14 | Build | Palisade Wall |
| 27:26 | Create | Knight ×3 |
| 28:25 | Build | Farm |
| 28:25 | Build | Farm |
| 28:27 | Build | Farm |
| 28:33 | Research | Hand Cart |
| 28:35 | Create | Villager (Male) ×5 |
| 28:44 | Create | Knight |
| 29:12 | Build | Castle |
| 29:29 | Create | Monk |
| 29:41 | Create | Trade Cart |
| 30:13 | Create | Villager (Male) ×5 |
| 30:25 | Build | University |
| 31:09 | Build | Lumber Camp |
| 31:23 | Create | Villager (Male) ×5 |
| 31:25 | Create | Villager (Male) ×5 |
| 31:26 | Research | Town Patrol |
| 31:50 | Create | Knight ×2 |
| 31:54 | Build | Farm |
| 31:59 | Build | Farm |
| 32:34 | Create | Villager (Male) ×5 |
| 32:44 | Build | Farm |
| 32:59 | Research | Gold Shaft Mining |
| 33:17 | Build | Stable |
| 33:19 | Build | Stable |
| 33:21 | Build | Stable |
| 33:34 | Research | Ballistics |
| 33:37 | Build | Farm |
| 33:48 | Build | Mining Camp |
| 33:54 | Build | Farm |
| 34:01 | Build | Farm |
| 34:06 | Create | Villager (Male) ×5 |
| 34:13 | Build | Farm |
| 34:44 | Create | Knight ×5 |
| 35:14 | Build | Lumber Camp |
| 35:22 | Research | Murder Holes |
| 35:23 | Research | Masonry |
| 35:43 | Build | Castle |
| 36:02 | Research | Caravan |
| 36:03 | Create | Trade Cart ×4 |
| 36:20 | Build | Farm |
| 36:20 | Build | Farm |
| 36:21 | Build | Farm |
| 36:59 | Build | Mining Camp |
| 37:53 | Research | Imperial Age |
| 38:43 | Create | Villager (Male) ×5 |
| 38:48 | Create | Villager (Male) ×5 |
| 38:55 | Create | Knight ×4 |
| 39:08 | Build | House |
| 39:10 | Build | House |
| 39:11 | Build | House |
| 39:13 | Build | House |
| 39:14 | Build | House |
| 39:15 | Build | House |
| 39:16 | Build | House |
| 39:18 | Build | House |
| 39:20 | Build | House |
| 39:21 | Build | House |
Build order — bart_arend
First 150 of 548 actions detected
| 0:08 | Build | House |
| 0:21 | Build | House |
| 0:44 | Build | House |
| 1:17 | Create | Villager (Male) |
| 1:17 | Create | Villager (Male) |
| 1:18 | Create | Villager (Male) |
| 1:18 | Create | Villager (Male) |
| 1:18 | Create | Villager (Male) |
| 1:29 | Build | House |
| 2:06 | Build | Mill |
| 2:36 | Create | Villager (Male) |
| 2:36 | Create | Villager (Male) |
| 2:37 | Create | Villager (Male) |
| 3:32 | Create | Villager (Male) |
| 3:32 | Create | Villager (Male) |
| 3:37 | Research | Loom |
| 3:37 | Research | Loom |
| 4:00 | Create | Villager (Male) |
| 4:00 | Create | Villager (Male) |
| 4:00 | Create | Villager (Male) |
| 4:25 | Create | Villager (Male) |
| 4:25 | Create | Villager (Male) |
| 5:20 | Create | Villager (Male) |
| 5:21 | Create | Villager (Male) |
| 5:21 | Create | Villager (Male) |
| 6:57 | Create | Villager (Male) |
| 6:57 | Create | Villager (Male) |
| 6:57 | Create | Villager (Male) |
| 7:21 | Create | Villager (Male) |
| 7:21 | Create | Villager (Male) |
| 7:21 | Create | Villager (Male) |
| 9:14 | Build | Lumber Camp |
| 9:24 | Build | House |
| 9:33 | Build | House |
| 9:40 | Create | Villager (Male) |
| 9:40 | Create | Villager (Male) |
| 10:17 | Create | Villager (Male) |
| 10:18 | Create | Villager (Male) |
| 10:52 | Build | Mill |
| 11:11 | Research | Feudal Age |
| 11:24 | Build | Mining Camp |
| 12:15 | Build | Lumber Camp |
| 13:30 | Age | Feudal Age |
| 13:32 | Research | Wheelbarrow |
| 13:32 | Research | Wheelbarrow |
| 13:37 | Research | Double-Bit Axe |
| 13:37 | Research | Double-Bit Axe |
| 14:05 | Build | Market |
| 14:16 | Build | Farm |
| 14:28 | Build | Blacksmith |
| 14:58 | Build | Farm |
| 15:03 | Create | Villager (Male) |
| 15:03 | Create | Villager (Male) |
| 15:03 | Create | Villager (Male) |
| 15:17 | Build | Farm |
| 15:26 | Build | Farm |
| 15:50 | Build | Barracks |
| 16:02 | Build | Farm |
| 16:06 | Create | Villager (Male) |
| 16:06 | Create | Villager (Male) |
| 16:06 | Create | Villager (Male) |
| 16:26 | Build | House |
| 16:31 | Build | House |
| 16:44 | Build | Farm |
| 16:50 | Build | Farm |
| 16:53 | Create | Villager (Male) |
| 17:04 | Build | Farm |
| 17:16 | Build | Farm |
| 17:27 | Build | Farm |
| 17:32 | Build | Farm |
| 17:38 | Build | Farm |
| 18:01 | Build | Farm |
| 18:10 | Build | Farm |
| 18:34 | Build | Mining Camp |
| 18:45 | Research | Castle Age |
| 18:45 | Research | Castle Age |
| 18:58 | Create | Trade Cart |
| 18:58 | Create | Trade Cart |
| 19:13 | Create | Trade Cart |
| 19:14 | Create | Trade Cart |
| 19:14 | Create | Trade Cart |
| 19:34 | Create | Spearman |
| 19:34 | Create | Spearman |
| 19:34 | Create | Spearman |
| 19:53 | Create | Trade Cart |
| 19:53 | Create | Trade Cart |
| 21:25 | Age | Castle Age |
| 21:29 | Build | Town Center |
| 21:35 | Research | Hand Cart |
| 21:38 | Create | Villager (Male) |
| 21:38 | Create | Villager (Male) |
| 21:38 | Create | Villager (Male) |
| 21:52 | Research | Caravan |
| 21:53 | Create | Trade Cart |
| 21:53 | Create | Trade Cart |
| 22:16 | Research | Stone Mining |
| 22:16 | Research | Stone Mining |
| 22:21 | Research | Scale Mail Armor |
| 22:22 | Research | Scale Mail Armor |
| 22:29 | Create | Spearman |
| 22:29 | Create | Spearman |
| 22:30 | Create | Spearman |
| 22:30 | Create | Spearman |
| 22:31 | Research | Squires |
| 22:42 | Build | House |
| 22:47 | Build | House |
| 23:07 | Create | Villager (Male) |
| 23:07 | Create | Villager (Male) |
| 23:07 | Create | Villager (Male) |
| 23:07 | Create | Villager (Male) |
| 23:08 | Create | Villager (Male) |
| 23:30 | Build | House |
| 23:36 | Build | House |
| 23:56 | Create | Villager (Male) |
| 23:57 | Create | Villager (Male) |
| 23:57 | Create | Villager (Male) |
| 23:57 | Create | Villager (Male) |
| 24:04 | Create | Villager (Male) |
| 24:04 | Create | Villager (Male) |
| 24:04 | Create | Villager (Male) |
| 24:14 | Create | Trade Cart |
| 24:14 | Create | Trade Cart |
| 24:14 | Create | Trade Cart |
| 24:34 | Build | Lumber Camp |
| 24:40 | Create | Villager (Male) |
| 24:40 | Create | Villager (Male) |
| 24:40 | Create | Villager (Male) |
| 24:45 | Create | Villager (Male) |
| 24:45 | Create | Villager (Male) |
| 24:55 | Research | Pikeman (upgrade) |
| 24:58 | Create | Spearman |
| 24:58 | Create | Spearman |
| 24:58 | Create | Spearman |
| 25:23 | Build | House |
| 25:29 | Build | House |
| 25:35 | Build | House |
| 25:41 | Build | House |
| 25:46 | Build | House |
| 26:44 | Build | Farm |
| 26:51 | Build | Farm |
| 27:02 | Build | Farm |
| 27:20 | Build | Castle |
| 27:37 | Research | Gambesons |
| 27:41 | Research | Bow Saw |
| 27:42 | Research | Bow Saw |
| 27:55 | Research | Gold Mining |
| 27:55 | Research | Gold Mining |
| 28:03 | Create | Trade Cart |
| 28:03 | Create | Trade Cart |
| 28:04 | Create | Trade Cart |
Match timeline
| 4:13 | 156__JP.Cont · first_building Barracks |
| 8:06 | rico_b_ · first_building Barracks |
| 10:26 | Juicee · first_building Barracks |
| 11:40 | Juicee · age_up feudal |
| 12:08 | Juicee · wall_segment Palisade Wall x6 |
| 12:35 | Sebas · age_up feudal |
| 12:52 | rico_b_ · age_up feudal |
| 12:58 | Juicee · wall_segment Palisade Wall x9 |
| 13:09 | Juicee · wall_segment Palisade Wall x17 |
| 13:22 | 156__JP.Cont · age_up feudal |
| 13:30 | bart_arend · age_up feudal |
| 13:42 | Legacy · age_up feudal |
| 14:09 | rico_b_ · first_building Archery Range |
| 15:50 | bart_arend · first_building Barracks |
| 17:10 | 156__JP.Cont · first_building Archery Range |
| 17:32 | Juicee · wall_segment Palisade Wall x14 |
| 17:33 | Legacy · first_market_sell 100 food |
| 17:34 | Legacy · first_market_buy 100 wood |
| 17:35 | Juicee · wall_segment Palisade Wall x6 |
| 17:46 | Legacy · age_up castle |
| 19:02 | Sebas · first_building Barracks |
| 20:11 | Legacy · first_building Castle |
| 20:24 | Juicee · wall_segment Stone Wall x1 |
| 20:25 | Juicee · wall_segment Stone Wall x1 |
| 20:54 | Juicee · first_building Stable |
| 21:08 | rico_b_ · first_building Stable |
| 21:09 | Juicee · first_market_buy 100 food |
| 21:18 | 156__JP.Cont · age_up castle |
| 21:25 | bart_arend · age_up castle |
| 22:25 | Sebas · age_up castle |
| 22:39 | Sebas · first_building Castle |
| 22:43 | 156__JP.Cont · first_building Monastery |
| 23:37 | Sebas · first_building Monastery |
| 23:51 | Juicee · age_up castle |
| 24:00 | rico_b_ · age_up castle |
| 24:03 | rico_b_ · first_building Castle |
| 24:30 | rico_b_ · first_building Monastery |
| 24:50 | rico_b_ · first_market_sell 100 food |
| 24:51 | rico_b_ · first_market_buy 100 wood |
| 25:30 | Juicee · first_building Monastery |
| 26:42 | 156__JP.Cont · first_building Castle |
| 26:56 | Juicee · wall_segment Palisade Wall x1 |
| 27:14 | Juicee · wall_segment Palisade Wall x1 |
| 27:20 | bart_arend · first_building Castle |
| 29:12 | Juicee · first_building Castle |
| 29:27 | Juicee · first_market_sell 100 wood |
| 30:56 | Sebas · first_building Siege Workshop |
| 31:35 | Legacy · age_up imperial |
| 31:35 | bart_arend · first_building Stable |
| 34:09 | bart_arend · age_up imperial |
| 38:06 | 156__JP.Cont · first_building Stable |
| 38:23 | bart_arend · first_market_sell 500 food |
| 38:35 | 156__JP.Cont · age_up imperial |
| 40:40 | Sebas · first_market_sell 500 wood |
| 41:03 | Juicee · age_up imperial |
| 42:10 | Sebas · age_up imperial |
| 42:19 | rico_b_ · age_up imperial |
| 42:29 | 156__JP.Cont · first_market_sell 100 wood |
| 42:33 | 156__JP.Cont · first_market_buy 100 stone |
| 44:56 | 156__JP.Cont · first_building Siege Workshop |
| 45:15 | Legacy · wall_segment Stone Wall x2 |
| 60:26 | 156__JP.Cont · tribute_sent a jugador 2 |
| 60:26 | 156__JP.Cont · tribute_sent a jugador 3 |
| 60:26 | 156__JP.Cont · tribute_sent a jugador 4 |
| 60:26 | 156__JP.Cont · tribute_sent a jugador 5 |
| 60:26 | 156__JP.Cont · tribute_sent a jugador 6 |
| 67:53 | Legacy · first_building Siege Workshop |
| 72:12 | 156__JP.Cont · resign |
| 75:01 | Sebas · first_market_buy 100 food |
| 77:19 | Sebas · tribute_sent a jugador 1 |
| 77:19 | Sebas · tribute_sent a jugador 3 |
| 77:19 | Sebas · tribute_sent a jugador 4 |
| 77:19 | Sebas · tribute_sent a jugador 5 |
| 77:19 | Sebas · tribute_sent a jugador 6 |
| 85:52 | bart_arend · tribute_sent a jugador 1 |
| 85:52 | bart_arend · tribute_sent a jugador 2 |
| 85:52 | bart_arend · tribute_sent a jugador 3 |
| 85:52 | bart_arend · tribute_sent a jugador 4 |
| 85:52 | bart_arend · tribute_sent a jugador 5 |
[ AI ANALYSIS · 1 CREDIT ]
What really happened in this match?
Wolo.gg analyzes every decision: build order, eco, micro, common mistakes by bracket. Personalized analysis on WhatsApp or Discord in 30 seconds.
Civ guide
Japanese
Map guide
Arabia
Perfil
Legacy